 Dungeon Crawl Stone Soup version 0.31-a0-108-gdf935468f2 (webtiles) character file.

Game seed: 2297185765170296213

4848 avis the Fighter (level 10, -5/102 HPs)
             Began as a Merfolk Transmuter on May 28, 2023.
             Was a Believer of Cheibriados.
             Killed from afar by PerfectTommy's ghost (34 damage)
             ... with a stone arrow
             ... on level 8 of the Dungeon.
             The game lasted 01:10:54 (9934 turns).

avis the Fighter (Merfolk Transmuter)               Turns: 9934, Time: 01:10:55

Health: -5/102     AC:  7    Str: 17    XL:     10   Next: 49%
Magic:  25/25      EV: 13    Int: 22    God:    Cheibriados [**....]
Gold:   510        SH:  0    Dex: 21    Spells: 2/17 levels left

rFire   x . .        b - melded +0 orcbow
rCold   + + +        (shield currently unavailable)
rNeg    . . .        J - melded +0 steam dragon scales
rPois   +            (helmet currently unavailable)
rElec   .            I - melded scarf {repulsion}
rCorr   .            o - melded +0 pair of gloves
SInv    .            (boots currently unavailable)
Will    .....        (no amulet)
Stlth   +++          t - +6 ring of intelligence
HPRegen 0.37/turn    C - ring of magical power
MPRegen 0.19/turn

%: no passive effects
@: ice-form, very slow
A: freezing attack, boosted hp, large, (nimble swimmer 2), (mertail)
a: End Transformation, Renounce Religion, Bend Time


You were on level 8 of the Dungeon.
You worshipped Cheibriados.
Cheibriados was pleased with you.
You were a creature of crystalline ice.
You visited 2 branches of the dungeon, and saw 9 of its levels.

You collected 510 gold pieces.

Inventory:

Hand Weapons
 b - a +0 orcbow (melded)
 c - a +1 heavy hand axe
 d - a +1 whip of electrocution
 e - a +0 antimagic great mace
 q - a +3 scimitar of freezing
Missiles
 i - 28 poisoned darts
 D - 5 boomerangs
 F - a silver boomerang
 G - a throwing net
Armour
 a - a +0 robe
 o - a +0 pair of gloves (melded)
 y - a +2 cloak
 I - a scarf of repulsion (melded)
 J - +0 steam dragon scales (melded)
Jewellery
 t - a +6 ring of intelligence (left front paw)
 C - a ring of magical power (right front paw)
 K - a ring of protection from cold
Wands
 s - a wand of paralysis (11)
 B - a wand of iceblast (6)
 H - a wand of flame (10)
Scrolls
 f - 2 scrolls of noise {unknown}
 m - 3 scrolls of teleportation {unknown}
 n - a scroll of amnesia {unknown}
 r - a scroll of fear {unknown}
 u - 4 scrolls of fog {unknown}
 A - a scroll of silence {unknown}
 E - a scroll of butterflies {unknown}
 M - a scroll of identify
 O - 2 scrolls of torment {unknown}
Potions
 g - a potion of ambrosia {unknown}
 h - 4 potions of brilliance
 j - 2 potions of resistance {unknown}
 k - 2 potions of enlightenment
 l - 2 potions of haste {unknown}
 p - 4 potions of heal wounds
 v - 2 potions of invisibility
 w - 3 potions of curing
 x - a potion of lignification
 z - 2 potions of magic
 L - 2 potions of berserk rage {unknown}


   Skills:
 * Level 9.8 Fighting
 - Level 6.0 Dodging
 - Level 4.0 Stealth
 * Level 9.8 Unarmed Combat
 - Level 4.0 Spellcasting
 - Level 5.0 Transmutations
 - Level 4.0 Ice Magic
 - Level 1.0 Poison Magic
 + Level 3.0 Invocations


You had 2 spell levels left.
You knew the following spells:

 Your Spells              Type           Power      Damage    Failure   Level
a - Beastly Appendage     Tmut           52%        N/A       1%          1
e - Wereblood             Tmut           26%        N/A       2%          2
p - Spider Form           Tmut/Pois      17%        N/A       10%         3
q - Ice Form              Ice/Tmut       24%        N/A       17%         4
R - Irradiate             Conj/Tmut      7%         3d14      73%         5

Your spell library contained the following spells:

 Spells                   Type           Power      Damage    Failure   Level
 Scorch                   Fire           8%         2d5       17%         2
 Sublimation of Blood     Necr           4%         N/A       17%         2
 Gell's Gravitas          Tloc           4%         N/A       32%         3
 Teleport Other           Tloc           4%         N/A       32%         3
 Petrify                  Tmut/Erth      15%        N/A       36%         4
 Flame Wave               Conj/Fire      4%         2d5       73%         4
 Dispersal                Tloc           2%         N/A       100%        6
 Summon Cactus Giant      Summ           2%         N/A       100%        6


Dungeon Overview and Level Annotations

Branches:
Dungeon (8/15)             Temple (1/1) D:6
   Lair: D:8-11

Altars:
Cheibriados
Dithmenos
Elyvilon
Fedhas
Hepliaklqana
Kikubaaqudgha
Makhleb
Nemelex Xobeh
Okawaru
Qazlal
Sif Muna
Trog
Uskayaw
Vehumet
Wu Jian
Xom
Yredelemnul
Zin
The Shining One

Shops:
D:2 =?:!(   D:7 (

Annotations:
D:8 PerfectTommy's ghost, novice DrWn


Innate Abilities, Weirdness & Mutations

You are a creature of crystalline ice.
You have a powerful freezing melee attack.
Your maximum health is increased.
Your armour is entirely melded.
You are incapable of wielding weapons or throwing items.
((You are very nimble when in or above water. (Stealth+, EV+, Speed+++)))
((Your lower body shifts to a powerful aquatic tail in water.))


Message History

Okay, then.
Casting: Ice Form (dangerous; 17% risk of failure)
Confirm with . or Enter, or press ? or * to list all spells.
You lack blood to transform.
Unknown command.
Casting: Wereblood (safe; 2% risk of failure)
Confirm with . or Enter, or press ? or * to list all spells.
Okay, then.
You punch the ice beast!
The ice beast is almost dead.
The ice beast closely misses you.
You hit the ice beast.
You kill the ice beast!
Cheibriados appreciates the change of pace.
Your Invocations skill increases to level 3!
You pummel PerfectTommy's ghost!! You freeze PerfectTommy's ghost!
PerfectTommy's ghost is moderately damaged.
PerfectTommy's ghost hits you!
You punch PerfectTommy's ghost! You freeze PerfectTommy's ghost.
PerfectTommy's ghost is heavily damaged.
You barely miss PerfectTommy's ghost.
PerfectTommy's ghost is heavily damaged.
PerfectTommy's ghost hits you!
You hit PerfectTommy's ghost but do no damage.
PerfectTommy's ghost is heavily damaged.
PerfectTommy's ghost hits you but does no damage.
You are electrocuted!
You punch PerfectTommy's ghost! You freeze PerfectTommy's ghost.
PerfectTommy's ghost is severely damaged.
PerfectTommy's ghost hits you.
You hit PerfectTommy's ghost but do no damage.
PerfectTommy's ghost is severely damaged.
PerfectTommy's ghost gestures at you while chanting.
The stone arrow hits you!!
* * * LOW HITPOINT WARNING * * *
You punch PerfectTommy's ghost! You freeze PerfectTommy's ghost.
PerfectTommy's ghost is almost destroyed.
PerfectTommy's ghost gestures at you while chanting.
The stone arrow hits you!!
You die...

#........#.........##.#...###.##
#........'.........+............
#.#...##.#...........[....######
#.##..##<##.....#####......##
#.#...##.###..###...###.....#
#........# #.##.......###...#
###.###### #.#...###....##..#
#.# #.#..## ##....#..# #.#
#.#.Y# ..##...#..# ##.##
#.##W#..5|#...'..#
#...#######..#5..W.$#...'.##
#............#....!##...'.#
#...#######.##.....#....#.#
##### #.#.....##....#.#
#.#...###....##.#
#.##........##..# #.)#
.....###..##


You could see PerfectTommy's ghost and a white imp.

Vanquished Creatures
  Grinder (D:3)
  A steam dragon (D:8)
  The ghost of PriceMaster the Insei, an amateur OpTm of Yredelemnul (D:5)
  Edmund (D:5)
  3 water moccasins
  2 black bears
  2 sky beasts
  4 orc warriors (D:6)
  3 ice beasts (D:8)
  A hornet zombie (D:5)
  3 ogres
  5 centaurs
  A phantom (D:6)
  Blork the orc (D:4)
  A kobold brigand (D:7)
  3 bullfrogs
  A wyvern zombie (D:5)
  4 scorpions
  5 wights (D:7)
  6 killer bees (D:7)
  3 howler monkeys
  3 orc priests
  A bullfrog skeleton (D:5)
  A centaur skeleton (D:5)
  4 hounds
  2 sleepcaps
  Ijyb (D:3)
  2 iguanas
  Natasha (thrice) (D:3)
  7 orc wizards
  4 gnolls (D:5)
  7 adders
  A shadow imp (D:7)
  4 white imps
  A howler monkey simulacrum (D:8)
  2 ufetubi (D:4)
  3 worms
  3 dart slugs
  34 orcs
  7 ball pythons
  6 bats
  8 endoplasms
  4 giant cockroaches
  5 goblins
  7 hobgoblins
  4 jackals (D:1)
  12 kobolds
  8 quokkas
  3 training dummies (D:7)
  4 frilled lizards
  6 rats
209 creatures vanquished.

Notes
Turn   | Place    | Note
-------+----------+-------------------------------------------
     0 | D:1      | avis the Merfolk Transmuter began the quest for the Orb.
     0 | D:1      | Reached XP level 1. HP: 15/15 MP: 3/3
    82 | D:1      | Reached XP level 2. HP: 22/22 MP: 3/5
   373 | D:1      | Reached XP level 3. HP: 19/27 MP: 4/6
   435 | D:1      | Reached skill level 1 in Stealth
   441 | D:1      | Learned a level 2 spell: Wereblood
   445 | D:1      | Learned a level 3 spell: Spider Form
   631 | D:2      | Reached skill level 1 in Poison Magic
   914 | D:2      | Found Gopown's Jewellery Boutique.
   918 | D:2      | Found Gexefa's Magic Scroll Emporium.
   938 | D:2      | Reached XP level 4. HP: 33/33 MP: 7/7
  1081 | D:2      | Found Nadebix's Distillery.
  1336 | D:2      | Found Vahox's Weapon Boutique.
  1415 | D:2      | Found Fyitt's Book Boutique.
  1425 | D:2      | Found Fyitt's Book Boutique.
  1509 | D:2      | Found Vahox's Weapon Boutique.
  1617 | D:2      | Found Gexefa's Magic Scroll Emporium.
  1626 | D:2      | Found Gopown's Jewellery Boutique.
  1759 | D:2      | Found Nadebix's Distillery.
  2163 | D:3      | Noticed Ijyb
  2179 | D:3      | Killed Ijyb
  2180 | D:3      | Reached XP level 5. HP: 22/38 MP: 4/9
  2324 | D:3      | Found a bloodstained altar of Trog.
  2365 | D:3      | Found a stormy altar of Qazlal.
  2689 | D:3      | Noticed Natasha
  2702 | D:3      | Killed Natasha
  2802 | D:3      | Noticed Grinder
  2824 | D:3      | Killed Grinder
  2825 | D:3      | Reached skill level 5 in Unarmed Combat
  2825 | D:3      | Reached XP level 6. HP: 19/47 MP: 4/10
  2897 | D:3      | Noticed Natasha
  2905 | D:3      | Killed Natasha
  3004 | D:3      | Noticed Natasha
  3016 | D:3      | Killed Natasha
  3111 | D:4      | Reached skill level 5 in Transmutations
  3304 | D:4      | Reached XP level 7. HP: 46/52 MP: 8/12
  3371 | D:4      | Learned a level 4 spell: Ice Form
  3451 | D:4      | Noticed Blork the orc
  3465 | D:4      | Killed Blork the orc
  3732 | D:4      | Found a hazy altar of Hepliaklqana.
  3741 | D:4      | Reached skill level 5 in Dodging
  3741 | D:4      | Reached XP level 8. HP: 20/60 MP: 5/14
  3898 | D:4      | Found a shimmering altar of Xom.
  4023 | D:4      | Found a shadowy altar of Dithmenos.
  4072 | D:4      | Reached skill level 1 in Ice Magic
  4420 | D:5      | Entered Level 5 of the Dungeon
  4488 | D:5      | Found a transporter.
  4488 | D:5      | Noticed PriceMaster's ghost (amateur OpTm)
  4663 | D:5      | Found a transporter.
  4697 | D:5      | Noticed Edmund
  4720 | D:5      | Killed Edmund
  4721 | D:5      | Reached skill level 5 in Fighting
  5420 | D:5      | Killed PriceMaster's ghost
  5421 | D:5      | Reached XP level 9. HP: 69/69 MP: 15/15
  6084 | D:6      | Found a runed translucent door.
  6374 | D:6      | Found a staircase to the Ecumenical Temple.
  6527 | D:6      | Learned a level 5 spell: Irradiate
  6944 | Temple   | Entered the Ecumenical Temple
  7733 | Temple   | Became a worshipper of Cheibriados the Contemplative
  7837 | D:7      | Reached XP level 10. HP: 82/82 MP: 16/16
  8006 | D:7      | Reached skill level 1 in Invocations
  8030 | D:7      | Reached * piety under Cheibriados
  8413 | D:7      | Found Tezxiwup's Firing Range.
  9300 | D:8      | Found a radiant altar of Vehumet.
  9492 | D:8      | Noticed PerfectTommy's ghost (novice DrWn)
  9634 | D:8      | Found a runed translucent gate.
  9634 | D:8      | Found a runed translucent gate.
  9635 | D:8      | Found a runed translucent gate.
  9694 | D:8      | Reached ** piety under Cheibriados
  9934 | D:8      | Killed from afar by PerfectTommy's ghost

Illustrated notes

Levels and vault maps discovered:
D:1:      elethiomel_arrival_shortcut, layout_basic, hex_medium,
          wander_ebering_terrifying_dragon_lair
D:2:      layout_loops_cross, serial_shops, shop_fountains, shop, shop, shop,
          shop
D:3:      layout_loops_cross, grunt_qazlal_sundering, trog_three_pillars_becter,
          grunt_ministairs_9, uniq_grinder, uniq_natasha, uniq_ijyb
D:4:      layout_basic, mainiacjoe_overflow_small_starburst,
          lemuel_doored_altar, marbit_many_paths,
          chequers_serial_rivers_micro_b, minmay_quantized, uniq_blork_the_orc
D:5:      layout_loops_ring, gammafunk_ghost_mausoleum, dk_rats_in_the_wall,
          uniq_edmund
D:6:      layout_cave_pools, minmay_temple_entry_grid, minmay_misc_feat_tiny,
          nicolae_eternal_life, lightli_church_of_beogh
D:7:      layout_loops_ring, nicolae_shop_firing_range
D:8:      layout_loops_corners, old_standard_altar, gammafunk_ghost_icy
Temple:   nicolae_temple_figure_eight

Skill      XL: |  1  2  3  4  5  6  7  8  9 10 |
---------------+-------------------------------+-----
Fighting       | 2 3 4 5 8 9 |  9.8
Unarmed Combat | 4 5 6 7 8 9 |  9.8
Dodging        | 3 4 5 6 |  6.0
Stealth        | 1 2 3 4 |  4.0
Transmutations | 3 4 5 |  5.0
Poison Magic   | 1 |  1.0
Spellcasting   | 3 4 |  4.0
Ice Magic      | 4 |  4.0
Invocations    | 3 |  3.0

Action                     |  1- 3 |  4- 6 |  7- 9 | 10-12 || total
---------------------------+-------+-------+-------+-------++-------
  Melee: Hand axe          |    69 |    32 |       |       ||   101
         Headbutt          |     8 |     4 |       |       ||    12
         Punch             |     2 |       |       |       ||     2
         Unarmed           |       |    60 |   309 |   104 ||   473
         Dagger            |       |     8 |       |       ||     8
   Fire: Orcbow            |       |       |    22 |    25 ||    47
   Cast: Beastly Appendage |    21 |    10 |       |       ||    31
         Spider Form       |       |    19 |    37 |    14 ||    70
         Ice Form          |       |       |     2 |     3 ||     5
Ability: End Transformatio |       |       |       |     1 ||     1
    Use: Scroll            |       |       |     7 |       ||     7
         Potion            |       |       |     2 |       ||     2
   Stab: Sleeping          |     3 |     6 |     2 |     2 ||    13
 Armour: Robe              |    19 |     5 |       |     1 ||    25
         Skin              |       |     4 |    26 |     9 ||    39
  Dodge: Dodged            |    64 |    62 |   278 |    83 ||   487

Table legend: (Time is in decaauts)
 A = Elapsed time spent in this place.
 B = Non-inter-level travel time spent in this place.
 C = Inter-level travel time spent in this place.
 D = Time resting spent in this place.
 E = Time spent auto-exploring this place.
 F = Levels seen in this place.
 G = Mean time per level.
                   A        B        C        D        E       F      G
               +--------+--------+--------+--------+--------+-----+--------+
         Total |  10648 |   9574 |   1074 |   2089 |   4893 |   9 | 1183.1 |
       Dungeon |  10351 |   9357 |    994 |   2089 |   4729 |   8 | 1293.9 |
        Temple |    297 |    217 |     80 |      0 |    164 |   1 |  297.0 |
               +--------+--------+--------+--------+--------+-----+--------+

Top non-repeatable levels by time:
     D:6: 1822 daAuts
     D:7: 1471 daAuts
     D:4: 1380 daAuts
     D:2: 1308 daAuts
     D:3: 1255 daAuts
     D:8: 1226 daAuts
     D:5: 1200 daAuts
     D:1: 685 daAuts
  Temple: 297 daAuts
